 Dungeon Crawl Stone Soup version 0.18.1-50-g88ac8fd (webtiles) character file.

33 spiff the Insei (level 3, -1/17 HPs)
             Began as a Vine Stalker Transmuter on Sept 27, 2016.
             Slain by a jackal (2 damage)
             ... on level 3 of the Dungeon.
             The game lasted 00:03:04 (1431 turns).

spiff the Insei (Vine Stalker Transmuter)           Turns: 1431, Time: 00:03:05

Health: -1/17      AC:  2    Str: 13    XL:     3   Next: 29%
Magic:  0/7        EV: 12    Int: 13    God:
Gold:   96         SH:  0    Dex: 14    Spells: 1 memorised, 5 levels left

rFire  . . .     SeeInvis .       - Unarmed
rCold  . . .     Gourm    .     b - +0 robe
rNeg   . . .     Faith    .     (no shield)
rPois  .         Spirit   +     (no helmet)
rElec  .         Dismiss  .     (no cloak)
rCorr  .         Reflect  .     (no gloves)
SustAt .         Harm     .     (boots currently unavailable)
MR     .....                    (no amulet)
Stlth  +.........               (no ring)
                                (no ring)

@: lethally poisoned (-1 -> -3), appendage, very slightly contaminated, not
resistant to hostile enchantments, very unstealthy
A: fangs 2, talons 3, regeneration 1, magic shield, antimagic bite, no device
heal 3, rot immunity
a: End Transformation


You were on level 3 of the Dungeon.
You were not hungry.
You had grown temporary talons.
You visited 1 branch of the dungeon, and saw 3 of its levels.

You collected 96 gold pieces.

Inventory:

Missiles
 a - 60 arrows
Armour
 b - a +0 robe (worn)
Scrolls
 e - a scroll of random uselessness {unknown}
 h - a scroll of remove curse {unknown}
 j - 4 scrolls of enchant armour {unknown}
 m - 2 scrolls of identify {unknown}
 n - a scroll of enchant weapon {unknown}
 p - a scroll of teleportation {unknown}
 r - a scroll of blinking {unknown}
Potions
 g - a potion of curing {unknown}
 k - a potion of ambrosia {unknown}
 l - 2 potions of agility {unknown}
 o - a potion of might {unknown}
 q - a potion of cure mutation {unknown}
Books
 c - a book of Changes

   Spells                             Type                      Level
   a - Beastly Appendage              Transmutation                1
   b - Sticks to Snakes               Transmutation                2
   c - Spider Form                    Transmutation/Poison         3
   d - Ice Form                       Ice/Transmutation            4
   e - Blade Hands                    Transmutation                5
Comestibles
 d - a bread ration
 i - 2 beef jerkies


   Skills:
 - Level 0.8 Fighting
 - Level 1.5 Dodging
 + Level 4.2 Unarmed Combat
 - Level 2.1 Spellcasting
 - Level 2.0 Transmutations


You had 5 spell levels left.
You knew the following spells:

 Your Spells              Type           Power        Failure   Level  Hunger
a - Beastly Appendage     Trmt           #.....       12%         1    ##.....


Dungeon Overview and Level Annotations

Branches:
Dungeon (3/15)

Altars:
Dithmenos
Elyvilon


Innate Abilities, Weirdness & Mutations

You have extremely sharp teeth.
Your natural rate of healing is unusually fast.
When hurt, damage is shared between your health and your magic reserves.
Your bite disrupts and absorbs the magic of your enemies.
Potions and wands cannot restore your health.
You are immune to rotting.
You have claws for feet.


Message History

You climb downwards.
The adder bites you. The jackal misses you. The jackal barely misses you.
The rat misses you. The adder bites you. The jackal closely misses you.
The jackal bites you.
There is a stone staircase leading up, spattered with blood here.
You hit the adder.
The adder is heavily wounded.
The rat misses you. The adder bites you.
You are poisoned.
The adder poisons you! The jackal barely misses you. The jackal bites you.
You closely miss the adder. You claw the adder, but do no damage.
The adder is heavily wounded.
You feel sick. The jackal bites you.
* * * LOW HITPOINT WARNING * * *
The adder bites you.
* * * LOW HITPOINT WARNING * * *
You are lethally poisoned!
The adder poisons you! The rat bites you.
* * * LOW HITPOINT WARNING * * *
The jackal bites you.
You die...

.### ...
######..###
..........
#.......#.
##.........
#..........
#hhS.......
#h@#+#...#%
#.r# ##
#..# #..#
#... #.##
.. ..


You could see an adder, 3 jackals and a rat.

Vanquished Creatures
  A worm (D:2)
  2 giant geckos
  5 giant cockroaches
  2 hobgoblins
  A jackal (D:2)
  4 kobolds
  A quokka (D:2)
  2 bats
  5 giant newts (D:1)
  4 rats
27 creatures vanquished.

Notes
Turn   | Place    | Note
--------------------------------------------------------------
     0 | D:1      | spiff the Vine Stalker Transmuter began the quest for the Orb.
     0 | D:1      | Reached XP level 1. HP: 9/9 MP: 4/4
   166 | D:1      | Reached XP level 2. HP: 13/14 MP: 6/6
   686 | D:2      | Found a shadowy altar of Dithmenos.
   768 | D:2      | Reached skill level 4 in Unarmed Combat
   852 | D:2      | Reached XP level 3. HP: 14/17 MP: 5/7
   945 | D:2      | Found a white marble altar of Elyvilon.
  1431 | D:3      | Slain by a jackal

Skill      XL: |  1  2 |
---------------+-------+-----
Unarmed Combat | 4 |  4.2
Fighting       | |  0.8
Dodging        | |  1.5
Spellcasting   | |  2.1
Transmutations | |  2.0

Action                   || total
-------------------------++-------
Melee: Unarmed           ||    84
       Bite              ||    17
       Kick              ||     6
 Cast: Beastly Appendage ||     7
 Stab: Sleeping          ||     1
  Eat: Chunk             ||     2
Armor: Robe              ||    17
Dodge: Dodged            ||    60
